Saguenéens vs Remparts
Created - November 20, 2017 at 19:01
Goals
|
| Saguenéens |
0 |
2 |
2 |
4 |
| Remparts |
1 |
1 |
1 |
3 |
|
Shots
|
| Saguenéens |
11 |
9 |
8 |
28 |
| Remparts |
17 |
6 |
11 |
34 |
|
1st period
1. Remparts , Cédric Lalonde-McNicoll 5 (Petr Straka 4) at 10:35 (PP)
Penalties :
Jake McCabe (Chi) for Interference (Minor) at 9:58, Juraj Mikus (Chi) for Tripping (Minor) at 12:38
2nd period
2. Saguenéens , Rhett Rakhshani 7 (Carl Hagelin 10, Kevin Marshall 16) at 3:17
3. Remparts , Cédric Lalonde-McNicoll 6 (Daniel Paille 7, Max Reinhart 6) at 17:57
4. Saguenéens , Carl Hagelin 5 (Tanner Richard 2, Luke Witkowski 5) at 18:36
Penalties :
Brett Lebda (Chi) for Cross-checking (Minor) at 10:23
3rd period
5. Saguenéens , Carl Hagelin 6 (Rhett Rakhshani 7) at 0:32
6. Saguenéens , Carl Hagelin 7 (Juraj Mikus 14, Luke Witkowski 6) at 7:22
7. Remparts , Dale Weise 1 (Chris Mueller 2, Johannes Salmonsson 4) at 18:15
Penalties :
Henrik Samuelsson (Chi) for Hooking (Minor) at 4:06, Kris Russell (Que) for Hooking (Minor) at 4:54, Alex Galchenyuk (Que) for Hooking (Minor) at 8:27, Patrick Sieloff (Chi) for Interference (Minor) at 10:44
Goalie Stats
Mike Smith (Chi), 31 saves from 34 shots - (0.912), W, 11-4-0, 60:00 minutes
Igor Bobkov (Que), 24 saves from 28 shots - (0.857), L, 3-2-1, 59:17 minutes
Players Stats for Saguenéens
Player Name G A P +/- PIM S H SB GA TA FO MP PP MP PK MP
------------------------------------------------------------------------------------
Artur Gavrus 0 0 0 0 0 0 0 0 0 0 0/0 0:29 0:11 0:00
Brett Lebda 0 0 0 1 2 5 1 1 0 2 0/0 25:56 0:53 3:12
Brody Sutter 0 0 0 0 0 0 0 0 0 0 0/0 2:08 0:17 0:00
Carl Hagelin 3 1 4 4 0 6 2 0 0 0 1/1 17:24 1:34 2:12
Craig Cunningham 0 0 0 -2 0 2 3 0 1 1 0/0 16:51 0:00 1:23
Henrik Samuelsson 0 0 0 -1 2 0 1 1 0 0 2/5 16:40 0:48 0:00
Jake McCabe 0 0 0 1 2 1 0 0 1 0 0/0 23:49 1:54 3:13
Jerry D'Amigo 0 0 0 -2 0 1 1 0 0 0 0/0 15:24 0:00 0:00
Juraj Mikus 0 1 1 1 2 1 0 0 0 0 10/23 17:36 1:46 1:28
Kevin Marshall 0 1 1 1 0 1 3 4 2 4 0/0 29:32 0:50 4:42
Luke Witkowski 0 2 2 1 0 1 1 2 2 0 0/0 25:26 1:54 2:54
Mason Raymond 0 0 0 0 0 3 1 0 0 1 4/9 24:30 1:02 4:19
Mikhail Grigorenko 0 0 0 0 0 1 1 0 0 0 1/6 8:16 0:00 0:30
Patrick Sieloff 0 0 0 0 2 0 1 0 0 0 0/0 13:29 0:03 0:43
Rhett Rakhshani 1 1 2 3 0 1 2 0 0 0 0/1 13:46 0:49 0:00
Spencer Machacek 0 0 0 0 0 2 0 0 0 2 0/1 19:45 1:05 4:18
Tanner Richard 0 1 1 3 0 3 2 1 1 0 5/8 13:46 0:49 0:00
Teemu Pulkkinen 0 0 0 0 0 0 0 0 0 0 0/1 6:35 0:00 0:34
Players Stats for Remparts
Player Name G A P +/- PIM S H SB GA TA FO MP PP MP PK MP
------------------------------------------------------------------------------------
Alex Galchenyuk 0 0 0 0 2 7 3 0 2 0 2/3 20:07 4:07 0:00
Cédric Lalonde-McNicoll 2 0 2 -2 0 2 1 0 0 0 5/10 16:48 3:15 0:52
Chris Mueller 0 1 1 1 0 0 1 0 0 0 0/2 10:42 0:00 0:00
Cody Ceci 0 0 0 0 0 0 2 1 0 3 0/0 26:32 3:29 1:40
Dale Weise 1 0 1 1 0 1 1 0 0 0 0/0 10:42 0:00 0:00
Daniel Paille 0 1 1 -2 0 5 2 0 1 0 0/0 12:50 0:00 0:08
Erik Gustafsson 0 0 0 0 0 0 1 1 0 0 0/0 12:06 0:00 1:07
Griffin Reinhart 0 0 0 -2 0 2 2 0 1 0 0/0 22:15 3:53 0:18
Guillaume Desbiens 0 0 0 0 0 4 3 0 1 0 0/1 20:13 4:07 0:36
Johannes Salmonsson 0 1 1 0 0 1 0 0 1 0 0/1 12:52 0:00 1:38
Kris Russell 0 0 0 -3 2 0 1 0 0 2 0/0 22:27 3:52 0:37
Matt Halischuk 0 0 0 -2 0 2 3 1 0 0 0/1 12:35 0:00 0:00
Max Reinhart 0 1 1 -1 0 4 0 0 0 1 3/4 12:01 0:00 1:38
Michael Paliotta 0 0 0 0 0 0 0 1 0 0 0/0 11:29 0:00 0:30
Mika Zibanejad 0 0 0 0 0 1 3 0 1 0 22/33 20:05 4:07 0:00
Pasi Salonen 0 0 0 0 0 2 0 0 0 0 0/0 13:36 3:15 0:42
Petr Straka 0 1 1 0 0 3 0 0 0 0 0/0 13:01 3:15 0:00
Ty Wishart 0 0 0 0 0 0 3 1 3 1 0/0 25:39 3:29 1:22
3 Stars
1 - Carl Hagelin (Chi)
2 - Rhett Rakhshani (Chi)
3 - Cédric Lalonde-McNicoll (Que)
Power Play
Saguenéens - 0 on 2 Attempt(s) - 0.00%
Remparts - 1 on 5 Attempt(s) - 20.00%
Penalty Kill
Saguenéens - 4 on 5 Attempt(s) - 80.00%
- Score 0 goal in Penalty Kill
Remparts - 2 on 2 Attempt(s) - 100.00%
- Score 0 goal in Penalty Kill
Team Stat
Saguenéens - Hits : 19 - Faceoff Wins : 23 - Blocked Shots : 9 - Penalty Minutes : 10
Remparts - Hits : 26 - Faceoff Wins : 32 - Blocked Shots : 5 - Penalty Minutes : 4
Official
Referees : Banfield David and Furlatt Eric
Linesman : Lyle Seitz and Brad Lazarowich
Game Notes
10:35 of 1st period - Remparts goal is going for a video replay. After video review, Goal.
Carl Hagelin has scored a Hat Trick!
Finance
Level 1 -- Attendance: 1475 (73.75%) -- Ticket Income $44,250
Level 2 -- Attendance: 787 (78.70%) -- Ticket Income $15,740
Total Attendance: 2262 (75.40%)
Total Ticket Income: $59,990
Other Income: $3,000
Total Income: $62,990
Saguenéens
5 vs 5 Forward
Center Left Wing Right Wing Time % Phy DF OF
1 Juraj Mikus Mason Raymond Spencer Machacek 40 1 2 2
2 Tanner Richard Carl Hagelin Rhett Rakhshani 30 1 2 2
3 Henrik Samuelsson Craig Cunningham Jerry D'Amigo 20 1 2 2
4 Mikhail Grigorenko Teemu Pulkkinen Mason Raymond 10 1 2 2
5 vs 5 Defense
Defense Defense Time % Phy DF OF
1 Kevin Marshall Brett Lebda 40 1 2 2
2 Luke Witkowski Jake McCabe 30 1 2 2
3 Patrick Sieloff Kevin Marshall 20 1 2 2
4 Brett Lebda Luke Witkowski 10 1 2 2
PowerPlay Forward
Center Left Wing Right Wing Time % Phy DF OF
1 Juraj Mikus Mason Raymond Spencer Machacek 60 1 2 2
2 Tanner Richard Carl Hagelin Rhett Rakhshani 40 1 2 2
PowerPlay Defense
Defense Defense Time % Phy DF OF
1 Kevin Marshall Brett Lebda 60 1 2 2
2 Luke Witkowski Jake McCabe 40 1 2 2
Penalty Kill 4 Players Forward
Center Wing Time % Phy DF OF
1 Mason Raymond Spencer Machacek 60 1 2 2
2 Juraj Mikus Carl Hagelin 40 1 2 2
Penalty Kill 4 Players Defense
Defense Defense Time % Phy DF OF
1 Kevin Marshall Brett Lebda 60 1 2 2
2 Luke Witkowski Jake McCabe 40 1 2 2
Penalty Kill - 3 Players Forward
Forward Time % Phy DF OF
1 Mason Raymond 60 1 2 2
2 Spencer Machacek 40 1 2 2
Penalty Kill - 3 Players Defense
Defense Defense Time % Phy DF OF
1 Kevin Marshall Brett Lebda 60 1 2 2
2 Luke Witkowski Jake McCabe 40 1 2 2
4 vs 4 Forward
Center Wing Time % Phy DF OF
1 Mason Raymond Spencer Machacek 60 1 2 2
2 Juraj Mikus Carl Hagelin 40 1 2 2
4 vs 4 Defense
Defense Defense Time % Phy DF OF
1 Kevin Marshall Brett Lebda 60 1 2 2
2 Luke Witkowski Jake McCabe 40 1 2 2
Last Minutes Offensive
Center Left Wing Right Wing Defense Defense
Juraj Mikus Mason Raymond Spencer Machacek Kevin Marshall Brett Lebda
Last Minutes Defensive
Center Left Wing Right Wing Defense Defense
Juraj Mikus Mason Raymond Spencer Machacek Kevin Marshall Brett Lebda
Goaltenders
Starting : Mike Smith
Backup : Martin Jones
Extra Forwards
Normal : Brody Sutter, Artur Gavrus, Craig Cunningham - PP : Brody Sutter, Artur Gavrus - PK : Craig Cunningham
Extra Defensemen
Normal : Patrick Sieloff, Jake McCabe, Kevin Marshall - PP : Patrick Sieloff - PK : Jake McCabe, Kevin Marshall
Penalty Shots
Mason Raymond, Spencer Machacek, Juraj Mikus, Carl Hagelin, Rhett Rakhshani
Scratches
Nick Mattson (Healthy), Carson Mcmillan (Healthy), Garret Sparks (Healthy)
Remparts
5 vs 5 Forward
Center Left Wing Right Wing Time % Phy DF OF
1 Mika Zibanejad Alex Galchenyuk Guillaume Desbiens 40 0 1 4
2 Cédric Lalonde-McNicoll Daniel Paille Matt Halischuk 30 0 2 3
3 Max Reinhart Pasi Salonen Petr Straka 20 0 3 2
4 Chris Mueller Johannes Salmonsson Dale Weise 10 1 2 2
5 vs 5 Defense
Defense Defense Time % Phy DF OF
1 Cody Ceci Ty Wishart 40 0 2 3
2 Kris Russell Griffin Reinhart 30 0 2 3
3 Erik Gustafsson Michael Paliotta 20 0 3 2
4 Cody Ceci Ty Wishart 10 1 2 2
PowerPlay Forward
Center Left Wing Right Wing Time % Phy DF OF
1 Mika Zibanejad Alex Galchenyuk Guillaume Desbiens 60 0 1 4
2 Cédric Lalonde-McNicoll Pasi Salonen Petr Straka 40 0 1 4
PowerPlay Defense
Defense Defense Time % Phy DF OF
1 Cody Ceci Ty Wishart 60 0 2 3
2 Kris Russell Griffin Reinhart 40 0 2 3
Penalty Kill 4 Players Forward
Center Wing Time % Phy DF OF
1 Max Reinhart Johannes Salmonsson 60 1 3 1
2 Cédric Lalonde-McNicoll Pasi Salonen 40 1 3 1
Penalty Kill 4 Players Defense
Defense Defense Time % Phy DF OF
1 Ty Wishart Cody Ceci 60 1 3 1
2 Kris Russell Erik Gustafsson 40 1 3 1
Penalty Kill - 3 Players Forward
Forward Time % Phy DF OF
1 Max Reinhart 60 1 3 1
2 Cédric Lalonde-McNicoll 40 1 3 1
Penalty Kill - 3 Players Defense
Defense Defense Time % Phy DF OF
1 Ty Wishart Cody Ceci 60 1 3 1
2 Kris Russell Erik Gustafsson 40 1 3 1
4 vs 4 Forward
Center Wing Time % Phy DF OF
1 Mika Zibanejad Alex Galchenyuk 60 0 2 3
2 Cédric Lalonde-McNicoll Guillaume Desbiens 40 0 2 3
4 vs 4 Defense
Defense Defense Time % Phy DF OF
1 Cody Ceci Ty Wishart 60 1 2 2
2 Kris Russell Griffin Reinhart 40 1 2 2
Last Minutes Offensive
Center Left Wing Right Wing Defense Defense
Mika Zibanejad Alex Galchenyuk Guillaume Desbiens Cody Ceci Ty Wishart
Last Minutes Defensive
Center Left Wing Right Wing Defense Defense
Max Reinhart Johannes Salmonsson Guillaume Desbiens Ty Wishart Cody Ceci
Goaltenders
Starting : Igor Bobkov
Backup : Tyler Plante
Extra Forwards
Normal : Mika Zibanejad, Alex Galchenyuk, Petr Straka - PP : Mika Zibanejad, Alex Galchenyuk - PK : Guillaume Desbiens
Extra Defensemen
Normal : Ty Wishart, Cody Ceci, Griffin Reinhart - PP : Kris Russell - PK : Griffin Reinhart, Cody Ceci
Penalty Shots
Alex Galchenyuk, Pasi Salonen, Guillaume Desbiens, Cédric Lalonde-McNicoll, Petr Straka
Scratches
Anton Zlobin (Healthy), Mitchell Heard (Healthy), Tim Bozon (Healthy), François Brassard (Healthy)
% Time on Ice - Saguenéens
Lines # - Real PCT - Wanted PCT - Time Play
Normal Forward
1 - 27% - 40% - 12:46
2 - 28% - 30% - 13:26
3 - 32% - 20% - 15:24
4 - 13% - 10% - 5:58
Normal Defense
1 - 30% - 40% - 14:08
2 - 38% - 30% - 18:06
3 - 23% - 20% - 10:46
4 - 10% - 10% - 4:34
PP Forward
1 - 42% - 60% - 1:10
2 - 58% - 40% - 1:37
PP Defense
1 - 32% - 60% - 0:53
2 - 68% - 40% - 1:54
PK Forward
1 - 70% - 60% - 5:10
2 - 30% - 40% - 2:12
PK Defense
1 - 70% - 60% - 5:11
2 - 30% - 40% - 2:11
PK3 Forward
1 - 0% - 60%
2 - 0% - 40%
PK3 Defense
1 - 0% - 60%
2 - 0% - 40%
44 Forward
1 - 80% - 60% - 0:57
2 - 20% - 40% - 0:14
44 Defense
1 - 49% - 60% - 0:35
2 - 51% - 40% - 0:36
Last Minute Offensive - 0:00
Last Minute Defensive - 1:06
Total
Forward - 60:00
Defense - 60:00
|
% Time on Ice - Remparts
Lines # - Real PCT - Wanted PCT - Time Play
Normal Forward
1 - 31% - 40% - 14:37
2 - 27% - 30% - 12:43
3 - 20% - 20% - 9:31
4 - 23% - 10% - 10:42
Normal Defense
1 - 35% - 40% - 16:48
2 - 38% - 30% - 17:58
3 - 22% - 20% - 10:30
4 - 5% - 10% - 2:17
PP Forward
1 - 56% - 60% - 4:07
2 - 44% - 40% - 3:15
PP Defense
1 - 47% - 60% - 3:29
2 - 53% - 40% - 3:53
PK Forward
1 - 69% - 60% - 1:55
2 - 31% - 40% - 0:52
PK Defense
1 - 49% - 60% - 1:22
2 - 51% - 40% - 1:25
PK3 Forward
1 - 0% - 60%
2 - 0% - 40%
PK3 Defense
1 - 0% - 60%
2 - 0% - 40%
44 Forward
1 - 75% - 60% - 0:53
2 - 25% - 40% - 0:18
44 Defense
1 - 51% - 60% - 0:36
2 - 49% - 40% - 0:35
Last Minute Offensive - 1:07
Last Minute Defensive - 0:00
Total
Forward - 60:00
Defense - 60:00
|
Play by Play
1st period
0:01 of 1st period - Mika Zibanejad wins face-off versus Juraj Mikus in neutral zone.
0:52 of 1st period - Off-side.
0:53 of 1st period - Carl Hagelin wins face-off versus Cédric Lalonde-McNicoll in neutral zone.
1:06 of 1st period - Slapshot by Rhett Rakhshani.
1:06 of 1st period - Shot Misses the Net.
1:08 of 1st period - Slapshot by Jake McCabe.
1:08 of 1st period - Deflect By Carl Hagelin.
1:08 of 1st period - Stopped by Igor Bobkov with a rebound.
1:24 of 1st period - Off-side.
1:25 of 1st period - Henrik Samuelsson wins face-off versus Chris Mueller in neutral zone.
1:31 of 1st period - Snap shot by Jerry D'Amigo.
1:31 of 1st period - Stopped by Igor Bobkov without a rebound.
1:32 of 1st period - Henrik Samuelsson wins face-off versus Mika Zibanejad in Remparts zone.
2:49 of 1st period - Slapshot by Craig Cunningham.
2:49 of 1st period - Stopped by Igor Bobkov without a rebound.
2:50 of 1st period - Tanner Richard wins face-off versus Mika Zibanejad in Remparts zone.
2:51 of 1st period - Backhand shot by Carl Hagelin.
2:51 of 1st period - Shot Blocked by Cody Ceci.
3:36 of 1st period - Max Reinhart is hit by Henrik Samuelsson.
4:06 of 1st period - Wrist shot by Guillaume Desbiens.
4:06 of 1st period - Stopped by Mike Smith without a rebound.
4:07 of 1st period - Tanner Richard wins face-off versus Matt Halischuk in Saguenéens zone.
4:23 of 1st period - Snap shot by Carl Hagelin.
4:23 of 1st period - Stopped by Igor Bobkov with a rebound.
4:35 of 1st period - Alex Galchenyuk is hit by Kevin Marshall and loses puck.
4:44 of 1st period - Wrist shot by Mason Raymond.
4:44 of 1st period - Stopped by Igor Bobkov with a rebound.
4:46 of 1st period - Slapshot by Jake McCabe.
4:46 of 1st period - Stopped by Igor Bobkov with a rebound.
5:10 of 1st period - Snap shot by Max Reinhart.
5:10 of 1st period - Stopped by Mike Smith without a rebound.
5:11 of 1st period - Juraj Mikus wins face-off versus Cédric Lalonde-McNicoll in Saguenéens zone.
5:18 of 1st period - Wrist shot by Mason Raymond.
5:18 of 1st period - Stopped by Igor Bobkov without a rebound.
5:19 of 1st period - Juraj Mikus wins face-off versus Cédric Lalonde-McNicoll in Remparts zone.
5:28 of 1st period - Wrist shot by Matt Halischuk.
5:28 of 1st period - Shot Misses the Net.
8:14 of 1st period - Jerry D'Amigo is hit by Mika Zibanejad and loses puck.
9:15 of 1st period - Patrick Sieloff is hit by Griffin Reinhart.
9:27 of 1st period - Patrick Sieloff is hit by Guillaume Desbiens and loses puck.
9:40 of 1st period - Johannes Salmonsson is hit by Mikhail Grigorenko and loses puck.
9:49 of 1st period - Wrist shot by Mikhail Grigorenko.
9:49 of 1st period - Stopped by Igor Bobkov with a rebound.
9:58 of 1st period - Minor Penalty to Jake McCabe for Interference.
9:59 of 1st period - Mika Zibanejad wins face-off versus Mason Raymond in Saguenéens zone.
9:59 of 1st period - Snap shot by Guillaume Desbiens.
9:59 of 1st period - Stopped by Mike Smith with a rebound.
10:21 of 1st period - Off-side.
10:22 of 1st period - Cédric Lalonde-McNicoll wins face-off versus Mason Raymond in neutral zone.
10:27 of 1st period - Snap shot by Petr Straka.
10:27 of 1st period - Stopped by Mike Smith without a rebound.
10:28 of 1st period - Cédric Lalonde-McNicoll wins face-off versus Spencer Machacek in Saguenéens zone.
10:31 of 1st period - Backhand shot by Petr Straka.
10:31 of 1st period - Stopped by Mike Smith with a rebound.
10:33 of 1st period - Snap shot by Cédric Lalonde-McNicoll.
10:33 of 1st period - Shot Misses the Net.
10:35 of 1st period - Slapshot by Cédric Lalonde-McNicoll.
10:35 of 1st period - Remparts goal is going for a video replay.
10:35 of 1st period - The goal is good.
10:35 of 1st period - Goal by Cédric Lalonde-McNicoll - Saguenéens : 0 - Remparts : 1.
10:36 of 1st period - Mika Zibanejad wins face-off versus Juraj Mikus in neutral zone.
11:01 of 1st period - Cody Ceci is hit by Kevin Marshall and loses puck.
11:45 of 1st period - Snap shot by Max Reinhart.
11:45 of 1st period - Shot Misses the Net.
12:02 of 1st period - Wrist shot by Daniel Paille.
12:02 of 1st period - Stopped by Mike Smith without a rebound.
12:03 of 1st period - Cédric Lalonde-McNicoll wins face-off versus Tanner Richard in Saguenéens zone.
12:04 of 1st period - Snap shot by Matt Halischuk.
12:04 of 1st period - Stopped by Mike Smith without a rebound.
12:05 of 1st period - Tanner Richard wins face-off versus Cédric Lalonde-McNicoll in Saguenéens zone.
12:14 of 1st period - Wrist shot by Matt Halischuk.
12:14 of 1st period - Shot Blocked by Kevin Marshall.
12:16 of 1st period - Snap shot by Cédric Lalonde-McNicoll.
12:16 of 1st period - Shot Blocked by Kevin Marshall.
12:18 of 1st period - Slapshot by Ty Wishart.
12:18 of 1st period - Deflect By Daniel Paille.
12:18 of 1st period - Shot Misses the Net.
12:18 of 1st period - Puck is out of play.
12:19 of 1st period - Juraj Mikus wins face-off versus Mika Zibanejad in Saguenéens zone.
12:30 of 1st period - Backhand shot by Alex Galchenyuk.
12:30 of 1st period - Shot Blocked by Kevin Marshall.
12:32 of 1st period - Slapshot by Cody Ceci.
12:32 of 1st period - Deflect By Guillaume Desbiens.
12:32 of 1st period - Shot Misses the Net.
12:32 of 1st period - Puck is out of play.
12:33 of 1st period - Mika Zibanejad wins face-off versus Juraj Mikus in Saguenéens zone.
12:36 of 1st period - Slapshot by Alex Galchenyuk.
12:36 of 1st period - Shot Blocked by Brett Lebda.
12:38 of 1st period - Minor Penalty to Juraj Mikus for Tripping.
12:39 of 1st period - Mika Zibanejad wins face-off versus Mason Raymond in Saguenéens zone.
12:50 of 1st period - Wrist shot by Alex Galchenyuk.
12:50 of 1st period - Stopped by Mike Smith with a rebound.
12:52 of 1st period - Snap shot by Alex Galchenyuk.
12:52 of 1st period - Stopped by Mike Smith without a rebound.
12:53 of 1st period - Mika Zibanejad wins face-off versus Mason Raymond in Saguenéens zone.
13:18 of 1st period - Cédric Lalonde-McNicoll is hit by Craig Cunningham and loses puck.
14:34 of 1st period - Snap shot by Brett Lebda.
14:34 of 1st period - Stopped by Igor Bobkov without a rebound.
14:35 of 1st period - Mika Zibanejad wins face-off versus Teemu Pulkkinen in Remparts zone.
14:38 of 1st period - Penalty to Juraj Mikus is over, Juraj Mikus is back on ice.
14:52 of 1st period - Slapshot by Luke Witkowski.
14:52 of 1st period - Stopped by Igor Bobkov without a rebound.
14:53 of 1st period - Alex Galchenyuk wins face-off versus Juraj Mikus in Remparts zone.
15:20 of 1st period - Kevin Marshall is hit by Matt Halischuk and loses puck.
15:29 of 1st period - Wrist shot by Daniel Paille.
15:29 of 1st period - Stopped by Mike Smith with a rebound.
15:39 of 1st period - Snap shot by Max Reinhart.
15:39 of 1st period - Stopped by Mike Smith with a rebound.
15:42 of 1st period - Icing by Kevin Marshall.
15:43 of 1st period - Max Reinhart wins face-off versus Henrik Samuelsson in Saguenéens zone.
16:06 of 1st period - Wrist shot by Craig Cunningham.
16:06 of 1st period - Shot Misses the Net.
16:25 of 1st period - Snap shot by Max Reinhart.
16:25 of 1st period - Stopped by Mike Smith with a rebound.
16:27 of 1st period - Wrist shot by Max Reinhart.
16:27 of 1st period - Shot Hit the Post.
16:29 of 1st period - Snap shot by Petr Straka.
16:29 of 1st period - Stopped by Mike Smith without a rebound.
16:30 of 1st period - Juraj Mikus wins face-off versus Mika Zibanejad in Saguenéens zone.
16:39 of 1st period - Snap shot by Juraj Mikus.
16:39 of 1st period - Stopped by Igor Bobkov with a rebound.
17:18 of 1st period - Teemu Pulkkinen is hit by Chris Mueller and loses puck.
18:02 of 1st period - Cédric Lalonde-McNicoll is hit by Mason Raymond and loses puck.
18:11 of 1st period - Luke Witkowski is hit by Daniel Paille and loses puck.
19:10 of 1st period - Snap shot by Alex Galchenyuk.
19:10 of 1st period - Stopped by Mike Smith without a rebound.
19:11 of 1st period - Mika Zibanejad wins face-off versus Mikhail Grigorenko in Saguenéens zone.
19:12 of 1st period - Snap shot by Guillaume Desbiens.
19:12 of 1st period - Stopped by Mike Smith without a rebound.
19:13 of 1st period - Juraj Mikus wins face-off versus Mika Zibanejad in Saguenéens zone.
19:19 of 1st period - Off-side.
19:20 of 1st period - Mika Zibanejad wins face-off versus Juraj Mikus in neutral zone.
19:29 of 1st period - Wrist shot by Guillaume Desbiens.
19:29 of 1st period - Deflect By Alex Galchenyuk.
19:29 of 1st period - Stopped by Mike Smith with a rebound.
19:59 of 1st period - Snap shot by Ty Wishart.
19:59 of 1st period - Shot Misses the Net.
Goals for this period are 0 for Saguenéens vs 1 for Remparts.
Shots for this period are 11 for Saguenéens vs 17 for Remparts.
2nd period
0:01 of 2nd period - Mika Zibanejad wins face-off versus Juraj Mikus in neutral zone.
0:48 of 2nd period - Slapshot by Brett Lebda.
0:48 of 2nd period - Stopped by Igor Bobkov without a rebound.
0:49 of 2nd period - Cédric Lalonde-McNicoll wins face-off versus Tanner Richard in Remparts zone.
0:49 of 2nd period - Cédric Lalonde-McNicoll is hit by Tanner Richard.
1:24 of 2nd period - Snap shot by Craig Cunningham.
1:24 of 2nd period - Shot Misses the Net.
1:26 of 2nd period - Slapshot by Jerry D'Amigo.
1:26 of 2nd period - Shot Misses the Net.
1:59 of 2nd period - Snap shot by Carl Hagelin.
1:59 of 2nd period - Shot Misses the Net.
2:01 of 2nd period - Snap shot by Rhett Rakhshani.
2:01 of 2nd period - Shot Misses the Net.
2:03 of 2nd period - Wrist shot by Tanner Richard.
2:03 of 2nd period - Stopped by Igor Bobkov without a rebound.
2:04 of 2nd period - Tanner Richard wins face-off versus Mika Zibanejad in Remparts zone.
2:05 of 2nd period - Wrist shot by Carl Hagelin.
2:05 of 2nd period - Shot Misses the Net.
2:41 of 2nd period - Cody Ceci is hit by Tanner Richard and loses puck.
3:17 of 2nd period - Snap shot by Rhett Rakhshani.
3:17 of 2nd period - Goal by Rhett Rakhshani - Saguenéens : 1 - Remparts : 1.
3:18 of 2nd period - Mika Zibanejad wins face-off versus Juraj Mikus in neutral zone.
3:43 of 2nd period - Ty Wishart is hit by Craig Cunningham and loses puck.
4:28 of 2nd period - Slapshot by Juraj Mikus.
4:28 of 2nd period - Shot Misses the Net.
4:30 of 2nd period - Slapshot by Kevin Marshall.
4:30 of 2nd period - Deflect By Daniel Paille.
4:30 of 2nd period - Stopped by Igor Bobkov with a rebound.
4:32 of 2nd period - Slapshot by Brett Lebda.
4:32 of 2nd period - Shot Blocked by Matt Halischuk.
4:34 of 2nd period - Wrist shot by Juraj Mikus.
4:34 of 2nd period - Shot Misses the Net.
4:48 of 2nd period - Craig Cunningham is hit by Guillaume Desbiens and loses puck.
4:55 of 2nd period - Wrist shot by Mika Zibanejad.
4:55 of 2nd period - Deflect By Alex Galchenyuk.
4:55 of 2nd period - Stopped by Mike Smith without a rebound.
4:56 of 2nd period - Tanner Richard wins face-off versus Cédric Lalonde-McNicoll in Saguenéens zone.
5:01 of 2nd period - Rhett Rakhshani is hit by Ty Wishart and loses puck.
5:22 of 2nd period - Luke Witkowski is hit by Mika Zibanejad and loses puck.
5:27 of 2nd period - Slapshot by Guillaume Desbiens.
5:27 of 2nd period - Shot Blocked by Luke Witkowski.
5:29 of 2nd period - Snap shot by Mika Zibanejad.
5:29 of 2nd period - Shot Misses the Net.
5:31 of 2nd period - Wrist shot by Mika Zibanejad.
5:31 of 2nd period - Shot Blocked by Luke Witkowski.
5:33 of 2nd period - Slapshot by Griffin Reinhart.
5:33 of 2nd period - Stopped by Mike Smith with a rebound.
5:35 of 2nd period - Slapshot by Mika Zibanejad.
5:35 of 2nd period - Stopped by Mike Smith with a rebound.
5:49 of 2nd period - Backhand shot by Pasi Salonen.
5:49 of 2nd period - Shot Blocked by Henrik Samuelsson.
6:32 of 2nd period - Slapshot by Daniel Paille.
6:32 of 2nd period - Stopped by Mike Smith without a rebound.
6:33 of 2nd period - Mika Zibanejad wins face-off versus Mikhail Grigorenko in Saguenéens zone.
7:06 of 2nd period - Wrist shot by Daniel Paille.
7:06 of 2nd period - Shot Blocked by Kevin Marshall.
8:01 of 2nd period - Craig Cunningham is hit by Alex Galchenyuk and loses puck.
8:22 of 2nd period - Slapshot by Rhett Rakhshani.
8:22 of 2nd period - Shot Blocked by Michael Paliotta.
8:24 of 2nd period - Snap shot by Tanner Richard.
8:24 of 2nd period - Stopped by Igor Bobkov with a rebound.
8:26 of 2nd period - Slapshot by Brett Lebda.
8:26 of 2nd period - Shot Blocked by Erik Gustafsson.
8:28 of 2nd period - Snap shot by Tanner Richard.
8:28 of 2nd period - Stopped by Igor Bobkov without a rebound.
8:29 of 2nd period - Juraj Mikus wins face-off versus Mika Zibanejad in Remparts zone.
9:01 of 2nd period - Matt Halischuk is hit by Rhett Rakhshani and loses puck.
9:19 of 2nd period - Snap shot by Craig Cunningham.
9:19 of 2nd period - Stopped by Igor Bobkov without a rebound.
9:20 of 2nd period - Mika Zibanejad wins face-off versus Henrik Samuelsson in Remparts zone.
9:25 of 2nd period - Snap shot by Guillaume Desbiens.
9:25 of 2nd period - Shot Misses the Net.
9:27 of 2nd period - Slapshot by Kris Russell.
9:27 of 2nd period - Shot Misses the Net.
9:29 of 2nd period - Snap shot by Griffin Reinhart.
9:29 of 2nd period - Stopped by Mike Smith with a rebound.
9:37 of 2nd period - Alex Galchenyuk is hit by Patrick Sieloff and loses puck.
10:23 of 2nd period - Minor Penalty to Brett Lebda for Cross-checking.
10:24 of 2nd period - Mason Raymond wins face-off versus Alex Galchenyuk in Saguenéens zone.
10:36 of 2nd period - Wrist shot by Guillaume Desbiens.
10:36 of 2nd period - Shot Misses the Net.
11:16 of 2nd period - Carl Hagelin is hit by Alex Galchenyuk.
12:23 of 2nd period - Penalty to Brett Lebda is over, Brett Lebda is back on ice.
12:32 of 2nd period - Brett Lebda is hit by Dale Weise and loses puck.
12:56 of 2nd period - Slapshot by Daniel Paille.
12:56 of 2nd period - Shot Blocked by Tanner Richard.
13:08 of 2nd period - Juraj Mikus is hit by Erik Gustafsson.
13:43 of 2nd period - Tanner Richard is hit by Cody Ceci and loses puck.
15:39 of 2nd period - Henrik Samuelsson is hit by Matt Halischuk and loses puck.
15:49 of 2nd period - Icing by Craig Cunningham.
15:50 of 2nd period - Juraj Mikus wins face-off versus Chris Mueller in Saguenéens zone.
15:55 of 2nd period - Dale Weise is hit by Luke Witkowski and loses puck.
16:02 of 2nd period - Juraj Mikus is hit by Griffin Reinhart and loses puck.
16:22 of 2nd period - Patrick Sieloff is hit by Mika Zibanejad.
17:57 of 2nd period - Wrist shot by Cédric Lalonde-McNicoll.
17:57 of 2nd period - Goal by Cédric Lalonde-McNicoll - Saguenéens : 1 - Remparts : 2.
17:58 of 2nd period - Mason Raymond wins face-off versus Mika Zibanejad in neutral zone.
18:36 of 2nd period - Wrist shot by Carl Hagelin.
18:36 of 2nd period - Goal by Carl Hagelin - Saguenéens : 2 - Remparts : 2.
18:37 of 2nd period - Mika Zibanejad wins face-off versus Juraj Mikus in neutral zone.
18:46 of 2nd period - Slapshot by Spencer Machacek.
18:46 of 2nd period - Stopped by Igor Bobkov with a rebound.
19:04 of 2nd period - Cody Ceci is hit by Brett Lebda and loses puck.
19:23 of 2nd period - Henrik Samuelsson is hit by Ty Wishart and loses puck.
Goals for this period are 2 for Saguenéens vs 1 for Remparts.
Shots for this period are 9 for Saguenéens vs 6 for Remparts.
3rd period
0:01 of 3rd period - Mika Zibanejad wins face-off versus Juraj Mikus in neutral zone.
0:32 of 3rd period - Snap shot by Rhett Rakhshani.
0:32 of 3rd period - Deflect By Carl Hagelin.
0:32 of 3rd period - Goal by Carl Hagelin - Saguenéens : 3 - Remparts : 2.
0:33 of 3rd period - Mika Zibanejad wins face-off versus Juraj Mikus in neutral zone.
0:36 of 3rd period - Spencer Machacek is hit by Alex Galchenyuk and loses puck.
0:45 of 3rd period - Snap shot by Brett Lebda.
0:45 of 3rd period - Stopped by Igor Bobkov without a rebound.
0:46 of 3rd period - Juraj Mikus wins face-off versus Mika Zibanejad in Remparts zone.
1:13 of 3rd period - Cody Ceci is hit by Carl Hagelin and loses puck.
1:22 of 3rd period - Cédric Lalonde-McNicoll is hit by Carl Hagelin and loses puck.
1:33 of 3rd period - Wrist shot by Henrik Samuelsson.
1:33 of 3rd period - Shot Blocked by Ty Wishart.
1:57 of 3rd period - Snap shot by Mason Raymond.
1:57 of 3rd period - Stopped by Igor Bobkov without a rebound.
1:58 of 3rd period - Mika Zibanejad wins face-off versus Juraj Mikus in Remparts zone.
2:00 of 3rd period - Icing by Alex Galchenyuk.
2:01 of 3rd period - Mika Zibanejad wins face-off versus Juraj Mikus in Remparts zone.
2:01 of 3rd period - Mika Zibanejad is hit by Kevin Marshall.
3:17 of 3rd period - Slapshot by Brett Lebda.
3:17 of 3rd period - Shot Misses the Net.
3:19 of 3rd period - Wrist shot by Brett Lebda.
3:19 of 3rd period - Deflect By Johannes Salmonsson.
3:19 of 3rd period - Stopped by Igor Bobkov with a rebound.
3:21 of 3rd period - Slapshot by Brett Lebda.
3:21 of 3rd period - Stopped by Igor Bobkov with a rebound.
3:23 of 3rd period - Snap shot by Mikhail Grigorenko.
3:23 of 3rd period - Shot Misses the Net.
3:48 of 3rd period - Jake McCabe is hit by Daniel Paille and loses puck.
3:59 of 3rd period - Slapshot by Daniel Paille.
3:59 of 3rd period - Stopped by Mike Smith without a rebound.
4:00 of 3rd period - Mika Zibanejad wins face-off versus Henrik Samuelsson in Saguenéens zone.
4:06 of 3rd period - Minor Penalty to Henrik Samuelsson for Hooking.
4:07 of 3rd period - Mason Raymond wins face-off versus Mika Zibanejad in Saguenéens zone.
4:17 of 3rd period - Spencer Machacek is hit by Guillaume Desbiens and loses puck.
4:54 of 3rd period - Minor Penalty to Kris Russell for Hooking.
4:55 of 3rd period - Mika Zibanejad wins face-off versus Mason Raymond in Remparts zone.
6:06 of 3rd period - Penalty to Henrik Samuelsson is over, Henrik Samuelsson is back on ice.
6:20 of 3rd period - Snap shot by Carl Hagelin.
6:20 of 3rd period - Stopped by Igor Bobkov with a rebound.
6:54 of 3rd period - Penalty to Kris Russell is over, Kris Russell is back on ice.
7:20 of 3rd period - Snap shot by Carl Hagelin.
7:20 of 3rd period - Shot Misses the Net.
7:22 of 3rd period - Wrist shot by Carl Hagelin.
7:22 of 3rd period - Goal by Carl Hagelin - Saguenéens : 4 - Remparts : 2.
7:23 of 3rd period - Alex Galchenyuk wins face-off versus Mikhail Grigorenko in neutral zone.
7:32 of 3rd period - Slapshot by Griffin Reinhart.
7:32 of 3rd period - Deflect By Alex Galchenyuk.
7:32 of 3rd period - Stopped by Mike Smith with a rebound.
7:48 of 3rd period - Kevin Marshall is hit by Matt Halischuk.
8:27 of 3rd period - Minor Penalty to Alex Galchenyuk for Hooking.
8:28 of 3rd period - Juraj Mikus wins face-off versus Johannes Salmonsson in Remparts zone.
8:30 of 3rd period - Snap shot by Spencer Machacek.
8:30 of 3rd period - Stopped by Igor Bobkov with a rebound.
9:52 of 3rd period - Tanner Richard is hit by Cédric Lalonde-McNicoll and loses puck.
10:27 of 3rd period - Penalty to Alex Galchenyuk is over, Alex Galchenyuk is back on ice.
10:44 of 3rd period - Minor Penalty to Patrick Sieloff for Interference.
10:45 of 3rd period - Mason Raymond wins face-off versus Guillaume Desbiens in Saguenéens zone.
11:25 of 3rd period - Snap shot by Pasi Salonen.
11:25 of 3rd period - Deflect By Juraj Mikus.
11:25 of 3rd period - Stopped by Mike Smith without a rebound.
11:26 of 3rd period - Juraj Mikus wins face-off versus Mika Zibanejad in Saguenéens zone.
12:34 of 3rd period - Juraj Mikus is hit by Kris Russell and loses puck.
12:44 of 3rd period - Penalty to Patrick Sieloff is over, Patrick Sieloff is back on ice.
13:16 of 3rd period - Slapshot by Matt Halischuk.
13:16 of 3rd period - Stopped by Mike Smith without a rebound.
13:17 of 3rd period - Cédric Lalonde-McNicoll wins face-off versus Tanner Richard in Saguenéens zone.
13:24 of 3rd period - Snap shot by Carl Hagelin.
13:24 of 3rd period - Deflect By Rhett Rakhshani.
13:24 of 3rd period - Shot Misses the Net.
13:24 of 3rd period - Puck is out of play.
13:25 of 3rd period - Mika Zibanejad wins face-off versus Rhett Rakhshani in Remparts zone.
13:30 of 3rd period - Kevin Marshall is hit by Ty Wishart and loses puck.
13:37 of 3rd period - Guillaume Desbiens is hit by Rhett Rakhshani and loses puck.
13:58 of 3rd period - Snap shot by Daniel Paille.
13:58 of 3rd period - Stopped by Mike Smith with a rebound.
14:53 of 3rd period - Snap shot by Henrik Samuelsson.
14:53 of 3rd period - Shot Misses the Net.
15:07 of 3rd period - Wrist shot by Henrik Samuelsson.
15:07 of 3rd period - Shot Misses the Net.
16:11 of 3rd period - Snap shot by Craig Cunningham.
16:11 of 3rd period - Shot Hit the Post.
16:25 of 3rd period - Dale Weise is hit by Jerry D'Amigo and loses puck.
16:36 of 3rd period - Chris Mueller is hit by Craig Cunningham and loses puck.
16:45 of 3rd period - Snap shot by Johannes Salmonsson.
16:45 of 3rd period - Stopped by Mike Smith with a rebound.
18:13 of 3rd period - Slapshot by Johannes Salmonsson.
18:13 of 3rd period - Shot Misses the Net.
18:15 of 3rd period - Snap shot by Chris Mueller.
18:15 of 3rd period - Deflect By Dale Weise.
18:15 of 3rd period - Goal by Dale Weise - Saguenéens : 4 - Remparts : 3.
18:16 of 3rd period - Mikhail Grigorenko wins face-off versus Max Reinhart in neutral zone.
18:25 of 3rd period - Wrist shot by Max Reinhart.
18:25 of 3rd period - Shot Misses the Net.
18:27 of 3rd period - Snap shot by Max Reinhart.
18:27 of 3rd period - Stopped by Mike Smith without a rebound.
18:28 of 3rd period - Max Reinhart wins face-off versus Mikhail Grigorenko in Saguenéens zone.
18:31 of 3rd period - Wrist shot by Pasi Salonen.
18:31 of 3rd period - Stopped by Mike Smith without a rebound.
18:32 of 3rd period - Max Reinhart wins face-off versus Mikhail Grigorenko in Saguenéens zone.
18:39 of 3rd period - Mikhail Grigorenko is hit by Cody Ceci and loses puck.
19:17 of 3rd period - Remparts, Igor Bobkov is pulled from the net.
19:23 of 3rd period - Snap shot by Guillaume Desbiens.
19:23 of 3rd period - Stopped by Mike Smith without a rebound.
19:24 of 3rd period - Glen Gulutzan call a timeout for Remparts.
19:24 of 3rd period - Mika Zibanejad wins face-off versus Juraj Mikus in Saguenéens zone.
19:35 of 3rd period - Wrist shot by Alex Galchenyuk.
19:35 of 3rd period - Stopped by Mike Smith with a rebound.
Goals for this period are 2 for Saguenéens vs 1 for Remparts.
Shots for this period are 8 for Saguenéens vs 11 for Remparts.
Back to the Top